 Dungeon Crawl Stone Soup version 0.19.5 (webtiles) character file.

1016 equalderp2856 the Gouger (level 8, -1/36 HPs)
             Began as a Felid Fighter on Mar 20, 2017.
             Slain by a wyvern skeleton (16 damage)
             ... on level 6 of the Dungeon.
             The game lasted 00:30:38 (12090 turns).

equalderp2856 the Gouger (Felid Fighter)           Turns: 12090, Time: 00:30:39

Health: -1/36      AC:  2    Str: 13    XL:     8   Next: 1%
Magic:  9/9        EV: 23    Int: 11    God:
Gold:   223        SH:  0    Dex: 17    Spells: 0 memorised, 7 levels left
                                        Lives:  0   Deaths: 2

rFire  x . .     SeeInvis +       - Unarmed
rCold  + . .     Gourm    .     (armour unavailable)
rNeg   . . .     Faith    .     (shield unavailable)
rPois  .         Spirit   .     (helmet unavailable)
rElec  .         Reflect  .     (cloak unavailable)
rCorr  .         Harm     .     (gloves unavailable)
MR     +....                    (boots unavailable)
Stlth  ++++......               (no amulet)
                                x - +2 ring of intelligence
                                p - ring of ice

@: quick
A: no armour, no weapons or thrown items, stealth, claws 1, fangs 3, see
invisible, carnivore 3, speed 1, shaggy fur 2, slow metabolism 1, sharp paws
a: no special abilities


You were on level 6 of the Dungeon.
You were not hungry.

You visited 1 branch of the dungeon, and saw 7 of its levels.
You also visited: Sewer and Ossuary.

You collected 320 gold pieces.
You spent 97 gold pieces at shops.

Inventory:

Missiles
 h - 66 arrows
Jewellery
 p - a ring of ice (left paw)
 x - a +2 ring of intelligence (right paw)
Wands
 n - a wand of polymorph (11/24)
Scrolls
 c - 4 scrolls of remove curse
 d - a scroll of noise
 g - a scroll of fear
 q - 2 scrolls of blinking
 r - 2 scrolls of enchant armour
 u - a scroll of identify
 v - 2 scrolls of teleportation
 y - a scroll of fog
Potions
 a - 3 potions of might
 e - 4 potions of agility
 f - 5 potions of curing
 j - 3 potions of heal wounds
 k - a potion of invisibility
 l - 3 potions of flight
 m - a potion of ambrosia
 o - 3 potions of haste
 s - 2 potions of brilliance
 w - 3 potions of lignification {unknown}
 z - a potion of degeneration {unknown}
 A - a potion of berserk rage {unknown}
 B - 2 potions of cancellation {unknown}
Comestibles
 b - 6 meat rations
 i - 3 beef jerkies
 t - 3 bread rations


   Skills:
 + Level 3.8 Fighting
 + Level 7.2 Dodging
 + Level 7.3 Stealth
 + Level 10.3 Unarmed Combat


You had 7 spell levels left.
You didn't know any spells.

Dungeon Overview and Level Annotations

Branches:
Dungeon (7/15)             Temple (0/1) D:7

Altars:
Ashenzari
Cheibriados
Fedhas
Qazlal
Sif Muna

Shops:
D:4 *


Innate Abilities, Weirdness & Mutations

You cannot wear armour.
You are incapable of wielding weapons or throwing items.
Your paws allow you to move quietly. (Stealth)
You have sharp claws.
You have razor-sharp teeth.
You have supernaturally acute eyesight. (SInv)
You are carnivorous and can eat meat at any time.
You cover ground quickly.
You are covered in thick fur. (AC +2)
You have a slow metabolism.
Your sharp claws are effective at attacking unaware monsters.


Message History

Beogh smites you!
You closely miss the orc priest.
The orc priest is heavily wounded.
The orc wizard mumbles some strange words.
The orc wizard blinks!
The orc priest misses you.
You scratch the orc priest. You bite the orc priest.
The orc priest is severely wounded.
The orc priest hits you with a whip.
You closely miss the orc priest.
The orc priest is severely wounded.
The orc wizard gestures wildly while chanting.
The orc wizard blinks!
You claw the orc priest!
You kill the orc priest!
Welcome back to level 8!
Unknown command.
You claw the wyvern skeleton!
The wyvern skeleton is moderately damaged.
The wyvern skeleton bites you!
You die...

###......♣≈PP≈≈≈≈≈♣♣
#........≈≈≈≈≈≈P♣♣♣
#........≈≈≈≈≈≈≈♣
#.....o..♣;≈;≈≈≈♣;..♣♣P≈;.
#.......#)♣≈P♣≈♣♣....♣≈≈≈.
#.......#.#♣≈♣........≈≈≈.
#.......#..#♣#........≈≈≈.
#.......##Z###........P≈≈Y
#.......##@.##.......P≈P
###########.##.......♣≈≈P.≈
###..#.......♣≈≈h.≈
#....#####.##≈≈≈≈.≈ #.....#
#.# ≈o≈≈.≈ #.....## #.#
♣≈≈.≈ #......# #.####♣≈.≈
#....#.# #.#....♣.≈
#....#.# #.#.......


You could see a wyvern skeleton.

Vanquished Creatures
  Sigmund (D:4)
  A sky beast (D:7)
  An orc warrior (D:6)
  An ogre (D:5)
  A bullfrog (D:6)
  A big kobold (Sewer)
  4 water moccasin zombies (Ossuary)
  A scorpion (D:3)
  4 killer bees (D:7)
  3 wights (D:7)
  2 howler monkeys
  A crimson imp (D:5)
  A bullfrog skeleton (D:6)
  3 hounds
  A jelly (D:6)
  2 orc priests
  A gnoll shaman (D:6)
  4 orc wizards
  Jessica (D:2)
  Natasha (D:4)
  An iguana (D:7)
  3 worker ants
  Ijyb (D:2)
  4 big kobold zombies (Ossuary)
  2 mummies (Ossuary)
  2 worker ant zombies (D:5)
  4 gnolls (D:3)
  5 adders
  5 river rats
  A shadow imp (D:6)
  3 adder zombies (Ossuary)
  3 worms
  5 leopard geckos
  11 orcs
  3 giant cockroaches
  6 goblins
  7 hobgoblins
  16 jackals
  2 quokkas
  5 ball pythons
  10 bats
  3 frilled lizards
  4 gnoll zombies (Ossuary)
  6 hobgoblin zombies (Ossuary)
  10 kobolds
  5 kobold zombies (Ossuary)
  7 orc zombies (Ossuary)
  A quokka zombie (D:7)
  15 rats
  A rat zombie (D:7)
  A butterfly (D:7)
187 creatures vanquished.

Notes
Turn   | Place    | Note
-------+----------+-------------------------------------------
     0 | D:1      | equalderp2856 the Felid Fighter began the quest for the Orb.
     0 | D:1      | Reached XP level 1. HP: 10/10 MP: 2/2
   342 | D:1      | Reached XP level 2. HP: 1/14 MP: 3/3
  1424 | D:2      | Noticed Jessica
  1448 | D:2      | Killed Jessica
  1448 | D:2      | Reached XP level 3. HP: 11/17 MP: 4/4
  1455 | D:2      | Found a deep blue altar of Sif Muna.
  1535 | D:2      | Noticed Ijyb
  1601 | D:2      | Reached skill level 5 in Unarmed Combat
  1714 | D:2      | Reached XP level 4. HP: 18/21 MP: 5/5
  2011 | D:2      | Killed Ijyb
  2011 | D:2      | Reached skill level 1 in Stealth
  2235 | D:3      | HP: 1/21 [orc/morningstar (10)]
  2575 | D:3      | Found a glowing drain.
  2636 | Sewer    | Entered a sewer
  2643 | Sewer    | Reached skill level 5 in Dodging
  2665 | Sewer    | Reached XP level 5. HP: 7/24 MP: 6/6
  3381 | Sewer    | Found a white marble altar of Elyvilon.
  3915 | D:3      | Reached skill level 6 in Unarmed Combat
  3915 | D:3      | Gained mutation: You are covered in thick fur. (AC +2) [Felid growth]
  3915 | D:3      | Reached XP level 6. HP: 21/28 MP: 7/7
  4898 | D:4      | Found Pahal's Assorted Antiques.
  4906 | D:4      | Bought a scroll labeled XUWUAV YREO for 25 gold pieces
  4906 | D:4      | Bought a scroll of identify for 50 gold pieces
  4906 | D:4      | Bought a sedimented white potion for 22 gold pieces
  5237 | D:4      | Noticed Sigmund
  5306 | D:3      | HP: 1/28 [poisoned by a scorpion]
  5306 | D:3      | Slain by a scorpion
  5307 | D:3      | Reached XP level 5. HP: 0/24 MP: 6/6
  5387 | D:3      | Reached XP level 6. HP: 25/28 MP: 7/7
  5526 | D:4      | Killed Sigmund
  5526 | D:4      | Reached skill level 7 in Unarmed Combat
  6068 | D:4      | Noticed Natasha
  6144 | D:4      | Killed Natasha
  6443 | D:4      | Reached XP level 7. HP: 27/31 MP: 8/8
  6900 | D:5      | Entered Level 5 of the Dungeon
  7055 | D:5      | Found a stormy altar of Qazlal.
  7304 | D:5      | Reached skill level 8 in Unarmed Combat
  7652 | D:6      | Found a snail-covered altar of Cheibriados.
  7653 | D:6      | Found a blossoming altar of Fedhas.
  7691 | D:6      | Reached skill level 5 in Stealth
  8890 | D:7      | Reached XP level 8. HP: 35/35 MP: 9/9
  8910 | D:7      | Found a sand-covered staircase.
  8919 | Ossuary  | Entered an ossuary
  9505 | Ossuary  | Reached skill level 9 in Unarmed Combat
 10971 | D:7      | Found a faded altar of an unknown god.
 10971 | D:7      | Found a shattered altar of Ashenzari.
 10978 | D:7      | Found a faded altar of an unknown god.
 10980 | D:7      | Found a faded altar of an unknown god.
 10982 | D:7      | Found a faded altar of an unknown god.
 11447 | D:7      | Found a staircase to the Ecumenical Temple.
 11493 | D:7      | Reached skill level 10 in Unarmed Combat
 12003 | D:6      | Killed from afar by an orc priest
 12004 | D:6      | Reached XP level 7. HP: -4/31 MP: 8/8
 12086 | D:6      | Reached XP level 8. HP: 15/36 MP: 9/9
 12090 | D:6      | Slain by a wyvern skeleton

Skill      XL: |  1  2  3  4  5  6  7  8 |
---------------+-------------------------+-----
Unarmed Combat | 5 6 7 8 10 | 10.3
Stealth        | 2 4 5 7 |  7.3
Dodging        | 5 6 7 |  7.2
Fighting       | |  3.8

Action                   |  1- 3 |  4- 6 |  7- 9 || total
-------------------------+-------+-------+-------++-------
Melee: Unarmed           |    82 |   249 |   272 ||   603
       Bite              |    10 |    24 |    29 ||    63
       Punch             |       |     4 |    14 ||    18
  Use: Potion            |       |     3 |       ||     3
       Scroll            |       |     5 |     9 ||    14
 Stab: Sleeping          |     2 |     6 |    14 ||    22
       Distracted        |       |       |     1 ||     1
  Eat: Chunk             |     9 |     3 |    16 ||    28
Armor: Skin              |     8 |     8 |     5 ||    21
Dodge: Dodged            |    78 |   174 |   152 ||   404
